[Event "Titled Tuesday Blitz May 9 Early 2023"]
[White "Nugumanov, Bakhtiyar"]
[Black "Lorenzo De La Riva, Lazaro"]
[WhiteFideId "13701797"]
[BlackFideId "2268809"]
[WhiteElo "2209"]
[BlackElo "2294"]
[Result "0-1"]
[Round "01"]
[TimeControl "180+2"]
[Date "2023.05.09"]
[WhiteClock "0:00:42"]
[BlackClock "0:00:19"]

1. Nf3 Nf6 2. c4 d5 3. cxd5 c6 4. dxc6 Nxc6 5. d4 Bf5 6. Nc3 e6 7. g3 Bb4 8. Bg2 Qa5 9. O-O O-O-O 10. a3 Bxc3 11. bxc3 Qxc3 12. Bd2 Qc2 13. Qe1 Be4 14. Rc1 Qa4 15. Ne5 Bxg2 16. Kxg2 Rxd4 17. Nxc6 bxc6 18. Be3 Rd5 19. Qc3 Kd7 20. f3 Rb8 21. Rb1 Rbb5 22. Bf2 a6 23. Rbc1 Rb3 24. Qe3 Rxe3 25. Bxe3 Qxa3 26. Bf2 Qd6 27. e4 Rd2 28. Kg1 Qd3 29. Rc5 Qxf3 30. Ra5 Ng4 31. Bc5 Qg2# 0-1


[Site "https://www.chess.com"]

[Event "Titled Tuesday Blitz May 9 Early 2023"]
[White "Potapova, Margarita"]
[Black "Nissinen, Niilo Man"]
[WhiteFideId "14126869"]
[BlackFideId "30950767"]
[WhiteElo "2244"]
[BlackElo "1952"]
[Result "0-1"]
[Round "01"]
[TimeControl "180+2"]
[Date "2023.05.09"]
[WhiteClock "0:00:26"]
[BlackClock "0:00:07"]

1. d4 Nf6 2. Bf4 d5 3. e3 c5 4. dxc5 Nc6 5. Bb5 Ne4 6. b4 e6 7. f3 Qf6 8. Qd4 Qg6 9. g3 Nf6 10. Bxc6+ bxc6 11. Qd3 Nd7 12. e4 a5 13. c3 Ba6 14. Qc2 Be7 15. Nd2 Bf6 16. Rb1 axb4 17. cxb4 Bb5 18. Ne2 O-O 19. Nc3 Bxc3 20. Qxc3 Rxa2 21. Kf2 e5 22. Qb3 Rfa8 23. exd5 exf4 24. Rb2 R2a3 25. Qc2 Bd3 26. Qc1 cxd5 27. c6 Nb6 28. c7 Nc4 29. Nxc4 fxg3+ 30. hxg3 Bxc4 31. b5 Qb6+ 32. Kg2 Qxc7 33. b6 Qb7 34. Re1 Ra2 35. Kg1 h6 36. Rxa2 Rxa2 37. Qe3 Kh7 38. Rb1 d4 39. Qe4+ Qxe4 40. fxe4 Ra8 41. Rb4 Be6 42. Rxd4 Rb8 43. Rb4 Kg6 44. Kf2 Kf6 45. Kf3 Ke5 46. Rb5+ Kd6 47. Kf4 Kc6 48. Rb2 Rxb6 49. Rc2+ Kd7 50. Rd2+ Ke7 51. Ra2 Rb7 52. Ra7 Rxa7 0-1


[Site "https://www.chess.com"]

[Event "Titled Tuesday Blitz May 9 Early 2023"]
[White "Botez, Alexandra"]
[Black "Han, Yichen"]
[WhiteFideId "2603365"]
[BlackFideId "1054430"]
[WhiteElo "2040"]
[BlackElo "2342"]
[Result "0-1"]
[Round "01"]
[TimeControl "180+2"]
[Date "2023.05.09"]
[WhiteClock "0:00:02"]
[BlackClock "0:00:38"]

1. d4 d5 2. Nf3 Nf6 3. c4 c6 4. cxd5 cxd5 5. Nc3 Nc6 6. Bf4 Ne4 7. Qb3 Nxc3 8. bxc3 e6 9. e3 Bd6 10. Bg3 O-O 11. Bd3 h6 12. Rc1 b6 13. O-O Na5 14. Qb1 Bb7 15. Ne5 Rc8 16. f4 Nc4 17. Nxc4 dxc4 18. Be4 Bxe4 19. Qxe4 Ba3 20. Rb1 Qd5 21. Qc2 f5 22. Qa4 Bd6 23. Qxa7 Ra8 24. Qxb6 Rxa2 25. Rf2 Rxf2 26. Bxf2 Rb8 27. Qxb8+ Bxb8 28. Rxb8+ Kh7 29. Rb2 Qa5 30. Be1 Qa1 31. Re2 Qb1 32. Kf1 Qd3 33. Kf2 g5 34. g3 Kg6 35. Kf1 Kh5 36. h3 Qe4 37. Kg1 Qf3 38. Rf2 Qxg3+ 39. Kf1 Qxe3 0-1


[Site "https://www.chess.com"]

[Event "Titled Tuesday Blitz May 9 Early 2023"]
[White "Srebrnic, Ana"]
[Black "Shevtchenko, Olesya"]
[WhiteFideId "14603314"]
[BlackFideId "24131890"]
[WhiteElo "2181"]
[BlackElo "2003"]
[Result "0-1"]
[Round "01"]
[TimeControl "180+2"]
[Date "2023.05.09"]
[WhiteClock "0:00:56"]
[BlackClock "0:01:50"]

1. e4 c6 2. d4 d5 3. Nc3 dxe4 4. Nxe4 Nf6 5. Nxf6+ exf6 6. Bc4 Bd6 7. Qe2+ Qe7 8. Qxe7+ Kxe7 9. Nf3 Be6 10. Bxe6 fxe6 11. O-O Kf7 12. Re1 Re8 13. c3 Nd7 14. Bd2 a5 15. Re2 h5 16. Rae1 Nb6 17. h3 a4 18. b3 axb3 19. axb3 Ra3 20. Rb1 Rea8 21. Bc1 Ra2 22. Rbb2 Ra1 23. Rbc2 Rb1 24. Nd2 Rba1 25. g3 Nd5 26. Kg2 R8a2 27. Nc4 Rxc2 28. Nxd6+ Ke7 29. Nf5+ Kd7 30. Rxc2 exf5 31. Be3 Rb1 32. c4 Nxe3+ 33. fxe3 Rxb3 34. Kf3 Kd6 35. Ra2 b5 36. cxb5 cxb5 37. Ra7 g5 38. Ra6+ Ke7 39. Rb6 Rb2 40. Rb7+ Ke6 41. Rb6+ Kf7 42. Rb7+ Kg6 43. d5 g4+ 44. hxg4 hxg4+ 45. Kf4 Rf2# 0-1


[Site "https://www.chess.com"]

[Event "Titled Tuesday Blitz May 9 Early 2023"]
[White "MKlose11"]
[Black "Kuchava, Ana"]
[BlackFideId "13605348"]
[WhiteElo "2564"]
[BlackElo "2001"]
[Result "1-0"]
[Round "01"]
[TimeControl "180+2"]
[Date "2023.05.09"]
[WhiteClock "0:01:15"]
[BlackClock "0:00:00"]

1. e4 c5 2. Nc3 Nc6 3. g3 g6 4. d3 Bg7 5. Bg2 d6 6. Be3 Nd4 7. Qd2 Rb8 8. Nd1 Bd7 9. c3 Nc6 10. Ne2 b5 11. O-O Nf6 12. h3 O-O 13. Bh6 b4 14. Bxg7 Kxg7 15. Ne3 bxc3 16. bxc3 Qa5 17. f4 Nd4 18. e5 Ne8 19. Rac1 Nxe2+ 20. Qxe2 Nc7 21. Nc4 Qa6 22. exd6 exd6 23. Qe7 Rbd8 24. Nxd6 Bxh3 25. Qe5+ Kg8 26. Ne4 f6 27. Qxc7 Bxg2 28. Kxg2 Rxd3 29. Qxc5 Qxa2+ 30. Rf2 Qa6 31. Re1 Qb7 32. Qc4+ Qd5 33. Qxd5+ Rxd5 34. Ra1 a5 35. c4 Rd4 36. Nd2 1-0


[Site "https://www.chess.com"]

[Event "Titled Tuesday Blitz May 9 Early 2023"]
[White "Srdanovic, Jovana"]
[Black "Al-Tarboush, Ward"]
[WhiteFideId "954810"]
[BlackFideId "7601450"]
[WhiteElo "2169"]
[BlackElo "2265"]
[Result "0-1"]
[Round "01"]
[TimeControl "180+2"]
[Date "2023.05.09"]
[WhiteClock "0:00:11"]
[BlackClock "0:01:35"]

1. d4 Nf6 2. c4 b6 3. Nf3 Bb7 4. a3 e6 5. Nc3 d5 6. Bg5 Be7 7. e3 h6 8. Bxf6 Bxf6 9. Qb3 O-O 10. cxd5 exd5 11. Rd1 Qd6 12. Be2 Nd7 13. O-O c5 14. dxc5 Nxc5 15. Qa2 Rfd8 16. Nb5 Qe7 17. Nbd4 Rac8 18. a4 a5 19. Bb5 Ne4 20. Rc1 Nd6 21. Nc6 Bxc6 22. Bxc6 Nc4 23. Bxd5 Nxb2 24. Nd4 Bxd4 25. exd4 Rxc1 26. Rxc1 Nd3 27. Rb1 Nb4 28. Qc4 Nxd5 29. h3 Qd7 30. Re1 Rc8 31. Qb3 Qf5 32. Qb5 Qg5 33. Re5 Rc1+ 34. Kh2 Qf4+ 35. g3 Qxf2# 0-1


[Site "https://www.chess.com"]

[Event "Titled Tuesday Blitz May 9 Early 2023"]
[White "Sharapov, Evgeny"]
[Black "Yang,ching Wei, Austin"]
[WhiteFideId "14103133"]
[BlackFideId "16300440"]
[WhiteElo "2367"]
[BlackElo "2101"]
[Result "1-0"]
[Round "01"]
[TimeControl "180+2"]
[Date "2023.05.09"]
[WhiteClock "0:00:28"]
[BlackClock "0:00:00"]

1. e4 c5 2. Nf3 d6 3. d4 cxd4 4. Nxd4 Nf6 5. Nc3 Nc6 6. g3 g6 7. Nde2 Bg7 8. Bg2 O-O 9. O-O a6 10. a4 Bd7 11. Nd5 Rc8 12. Bg5 Nxd5 13. exd5 Ne5 14. c3 Bg4 15. f3 Bf5 16. Kh1 h6 17. Be3 Nc4 18. Bc1 Qb6 19. Nd4 Bxd4 20. Qxd4 Qxd4 21. cxd4 Kg7 22. Re1 Rfe8 23. a5 e6 24. dxe6 d5 25. b3 Nd6 26. Bf4 Nb5 27. exf7 Rxe1+ 28. Rxe1 Kxf7 29. g4 Bd7 30. Be5 Rc2 31. f4 Bxg4 32. Bxd5+ Be6 33. Be4 Ra2 34. d5 Bf5 35. Bg2 Rxa5 36. d6 Ra3 37. Bxb7 Be6 38. Rd1 Nxd6 39. Rxd6 Rxb3 40. Bxa6 1-0


[Site "https://www.chess.com"]

[Event "Titled Tuesday Blitz May 9 Early 2023"]
[White "Smietanska, Wiktoria"]
[Black "Saya, Ethan"]
[WhiteFideId "21869359"]
[BlackFideId "26095181"]
[WhiteElo "1995"]
[BlackElo "2164"]
[Result "0-1"]
[Round "01"]
[TimeControl "180+2"]
[Date "2023.05.09"]
[WhiteClock "0:00:00"]
[BlackClock "0:00:13"]

1. c4 Nf6 2. Nc3 g6 3. g3 d6 4. Bg2 Bg7 5. e4 O-O 6. Nge2 c5 7. O-O Nc6 8. d3 Nd7 9. Be3 Nde5 10. h3 Nd7 11. f4 Rb8 12. d4 cxd4 13. Nxd4 Qb6 14. Na4 Bxd4 15. Nxb6 Bxe3+ 16. Kh1 Bxb6 17. f5 Nde5 18. b3 Bd4 19. Rc1 a5 20. Qd2 b6 21. Qh6 Nd7 22. g4 Bg7 23. Qh4 Nde5 24. g5 Bb7 25. f6 exf6 26. gxf6 Bh8 27. Qh6 Nd7 28. Rcd1 Nc5 29. Rf4 Nd7 30. Rxd6 Nxf6 31. Rh4 Bg7 32. Qg5 Ne8 33. Qd2 Nxd6 34. Qd5 Ne8 0-1


[Site "https://www.chess.com"]

[Event "Titled Tuesday Blitz May 9 Early 2023"]
[White "Skliarov, Viktor"]
[Black "Schut, Han"]
[WhiteFideId "14106736"]
[BlackFideId "1005561"]
[WhiteElo "2317"]
[BlackElo "2024"]
[Result "1-0"]
[Round "01"]
[TimeControl "180+2"]
[Date "2023.05.09"]
[WhiteClock "0:00:11"]
[BlackClock "0:00:00"]

1. e4 c5 2. Nf3 d6 3. d4 cxd4 4. Qxd4 Nc6 5. Bb5 Bd7 6. Bxc6 Bxc6 7. Nc3 Nf6 8. Bg5 e6 9. O-O-O Be7 10. Rhe1 Qa5 11. Kb1 b5 12. Bxf6 Bxf6 13. Qxd6 Rc8 14. Nd5 Bxd5 15. exd5 Be7 16. Qe5 Bf6 17. Qe3 Qb4 18. Qb3 Qxb3 19. axb3 O-O 20. dxe6 fxe6 21. Rxe6 Rc7 22. c3 Rfc8 23. Red6 a5 24. g4 h6 25. h4 Rf8 26. R1d3 Rcf7 27. g5 hxg5 28. hxg5 Be7 29. Rd7 Rxf3 30. Rxf3 Rxf3 31. Rxe7 Rxf2 32. g6 Rf6 33. Re8+ Rf8 34. Re5 Rf6 35. Rxb5 Rxg6 36. Rxa5 Rg1+ 37. Ka2 g5 38. b4 Kf7 39. b5 Ke6 40. b6 Kd7 41. Rb5 Kc8 42. Rf5 Kb7 43. Rf6 g4 44. Rg6 g3 45. Kb3 g2 46. c4 Kb8 47. Kb4 Kb7 48. b3 Kb8 49. c5 Kb7 50. Kb5 Rb1 51. Rg7+ Kb8 52. Rxg2 Rxb3+ 53. Kc6 1-0


[Site "https://www.chess.com"]

[Event "Titled Tuesday Blitz May 9 Early 2023"]
[White "Samaganova, Aleksandra"]
[Black "Yelisieiev, Yevhenii"]
[WhiteFideId "13800221"]
[BlackFideId "14139642"]
[WhiteElo "1858"]
[BlackElo "2403"]
[Result "1-0"]
[Round "01"]
[TimeControl "180+2"]
[Date "2023.05.09"]
[WhiteClock "0:00:05"]
[BlackClock "0:00:00"]

1. c4 d6 2. Nc3 e5 3. g3 Nf6 4. Bg2 Nbd7 5. e3 Be7 6. Nge2 O-O 7. O-O c6 8. d4 Re8 9. h3 d5 10. cxd5 cxd5 11. Nxd5 Nxd5 12. Bxd5 Qb6 13. Qb3 Qf6 14. Bg2 exd4 15. Nxd4 Nc5 16. Qc2 Bd7 17. b4 Ne6 18. Bb2 Qg5 19. a3 Rac8 20. Qb3 b6 21. Rac1 Bd6 22. Rfd1 h5 23. h4 Qg6 24. Ne2 Rxc1 25. Rxc1 Bb5 26. Nd4 Nxd4 27. Bxd4 Bd3 28. Rc6 Be4 29. Bxe4 Rxe4 30. Qc2 Re6 31. Rc8+ Kh7 32. Qxg6+ Kxg6 33. Kg2 Kf5 34. Kf3 g5 35. hxg5 Kxg5 36. Rg8+ Kf5 37. Rh8 Kg6 38. Rg8+ Kh7 39. Rg7+ Kh6 40. Rg8 a5 41. bxa5 bxa5 42. Ra8 Bxa3 43. Rxa5 Be7 44. Ra8 Kg6 45. Rg8+ Kh7 46. Rg7+ Kh6 47. Rxf7 Bd6 48. Rf6+ Rxf6+ 49. Bxf6 Kg6 50. Bh4 Kf5 51. e4+ Ke6 52. Ke3 Bc5+ 53. Ke2 Ke5 54. Kf3 Bb6 55. Be7 Ke6 56. Bb4 Ke5 57. Bc3+ Ke6 58. Bd2 Ke5 59. Bf4+ Ke6 60. Be3 Bc7 61. Kg2 Bb8 62. f4 Kf6 63. Kf3 Kg6 64. Bd4 Bc7 65. e5 Kf5 66. Bc5 Ba5 67. Bf8 Be1 68. Bh6 Bc3 69. Bg5 Be1 70. Bd8 Bc3 71. Be7 Be1 72. Kg2 Kg4 73. Bh4 Kf5 74. Kf1 Bc3 75. Ke2 Bb4 76. Kd3 Bc5 77. Kc4 Bf2 78. Kd5 Bb6 79. e6 1-0


[Site "https://www.chess.com"]

[Event "Titled Tuesday Blitz May 9 Early 2023"]
[White "Sreyas Payyappat"]
[Black "Ramirez, Maria Eugenia"]
[WhiteFideId "46674969"]
[BlackFideId "3301680"]
[WhiteElo "2043"]
[BlackElo "1842"]
[Result "1-0"]
[Round "01"]
[TimeControl "180+2"]
[Date "2023.05.09"]
[WhiteClock "0:00:09"]
[BlackClock "0:00:00"]

1. e4 e5 2. Nf3 Nc6 3. Bc4 Nf6 4. d4 exd4 5. e5 d5 6. Bb5 Ne4 7. Nxd4 Bd7 8. Bxc6 bxc6 9. O-O Be7 10. f3 Ng5 11. f4 Ne6 12. Be3 c5 13. Nf5 d4 14. Bd2 g6 15. Nxe7 Qxe7 16. Na3 Bc6 17. Nc4 Ng7 18. Na5 Bd5 19. c4 Be6 20. Qf3 O-O 21. Rae1 Qd7 22. h3 h5 23. Rc1 Rab8 24. Nb3 d3 25. Nxc5 Qe7 26. b4 Nf5 27. a3 Rfd8 28. Kh1 Nd4 29. Qxd3 Bf5 30. Qg3 h4 31. Qf2 a5 32. Be3 Nc6 33. b5 Na7 34. Na6 c5 35. Bxc5 Qe6 36. Nxb8 Rxb8 37. Bxa7 Rd8 38. c5 Rd3 39. c6 Bxh3 40. Be3 Bg4 41. c7 Qe8 42. b6 h3 43. b7 hxg2+ 44. Qxg2 Rxe3 45. b8=Q Bc8 46. Rfd1 Qe6 47. Qxc8+ Qxc8 48. Rd8+ 1-0


[Site "https://www.chess.com"]

[Event "Titled Tuesday Blitz May 9 Early 2023"]
[White "Deepak, Katiyar"]
[Black "Vlassov, Nikolai"]
[WhiteFideId "5026792"]
[BlackFideId "4103360"]
[WhiteElo "2069"]
[BlackElo "2324"]
[Result "0-1"]
[Round "01"]
[TimeControl "180+2"]
[Date "2023.05.09"]
[WhiteClock "0:00:04"]
[BlackClock "0:00:11"]

1. Nf3 c5 2. g3 Nc6 3. Bg2 e5 4. d3 d5 5. O-O f6 6. Nbd2 Be6 7. e4 d4 8. Ne1 g5 9. f4 gxf4 10. gxf4 exf4 11. Nb3 Bd6 12. Bxf4 Bxf4 13. Rxf4 Qd6 14. Rf1 O-O-O 15. Qd2 Nge7 16. a4 Rdg8 17. Kh1 Rg6 18. Nc1 Rhg8 19. Rg1 Ne5 20. Qf4 Ng4 21. Rf1 Qxf4 22. Rxf4 Ne3 23. Rf2 Nc6 24. Ne2 Rh6 25. Nf4 Bg4 26. Bf3 Ne5 27. Bxg4+ Rxg4 28. Neg2 Kd7 29. Re1 Nxg2 30. Nxg2 Rg3 31. Ref1 Rgh3 32. Rxf6 Rxh2+ 33. Kg1 Rh1+ 34. Kf2 Rxf6+ 35. Ke2 Rfxf1 0-1


[Site "https://www.chess.com"]

[Event "Titled Tuesday Blitz May 9 Early 2023"]
[White "wqws"]
[Black "Wimalasuriya, Kasun M."]
[BlackFideId "9906789"]
[WhiteElo "2557"]
[BlackElo "2209"]
[Result "1-0"]
[Round "01"]
[TimeControl "180+2"]
[Date "2023.05.09"]
[WhiteClock "0:00:55"]
[BlackClock "0:00:38"]

1. e4 c5 2. Nf3 Nc6 3. d4 cxd4 4. Nxd4 e5 5. Nb5 d6 6. N1c3 a6 7. Na3 Be7 8. Nd5 Be6 9. Be3 Bxd5 10. exd5 Nb8 11. c4 Nd7 12. Bd3 Rc8 13. O-O Ngf6 14. Nc2 O-O 15. b4 e4 16. Be2 Ne5 17. Na3 Nfd7 18. Rc1 f5 19. Bd4 f4 20. f3 e3 21. Qb3 Kh8 22. Nb1 Bf6 23. Rfd1 Qe8 24. Nc3 Qh5 25. Ne4 Be7 26. c5 dxc5 27. bxc5 Nf6 28. Nxf6 Bxf6 29. Qxb7 Bh4 30. d6 Bf2+ 31. Kh1 Bg3 32. h3 Rb8 33. Qe4 Nd7 34. c6 Nf6 35. Bxf6 gxf6 36. c7 Rbe8 37. Qxe8 Rxe8 38. d7 1-0


[Site "https://www.chess.com"]

[Event "Titled Tuesday Blitz May 9 Early 2023"]
[White "rionelG"]
[Black "Agibileg, Uurtsaikh"]
[BlackFideId "4901606"]
[WhiteElo "2209"]
[BlackElo "2353"]
[Result "0-1"]
[Round "01"]
[TimeControl "180+2"]
[Date "2023.05.09"]
[WhiteClock "0:00:02"]
[BlackClock "0:00:42"]

1. e4 c5 2. g3 d5 3. exd5 Qxd5 4. Nf3 Bg4 5. Bg2 Qe4+ 6. Kf1 Nc6 7. h3 Bh5 8. Nc3 Qe6 9. d3 O-O-O 10. Bf4 f6 11. a4 Qd7 12. a5 e5 13. Be3 Nge7 14. g4 Bf7 15. Nd2 Nd5 16. Qf3 Nd4 17. Bxd4 cxd4 18. Nxd5 Bxd5 19. Qxd5 Qxd5 20. Bxd5 Rxd5 21. Nc4 h5 22. Kg2 Bb4 23. Ra4 Bc5 24. f3 g6 25. b4 Be7 26. b5 Rxb5 27. a6 b6 28. Re1 hxg4 29. hxg4 g5 30. Nd2 Rb2 31. Rc4+ Kd7 32. Ne4 Rc8 33. Rxc8 Kxc8 34. Re2 Ra2 0-1


[Site "https://www.chess.com"]

[Event "Titled Tuesday Blitz May 9 Early 2023"]
[White "Mortazavi, Ali"]
[Black "Kiseleva, Arina"]
[WhiteFideId "401323"]
[BlackFideId "4164989"]
[WhiteElo "2339"]
[BlackElo "1708"]
[Result "1-0"]
[Round "01"]
[TimeControl "180+2"]
[Date "2023.05.09"]
[WhiteClock "0:00:19"]
[BlackClock "0:00:04"]

1. Nf3 d5 2. g3 Nf6 3. Bg2 c6 4. O-O Nbd7 5. d3 e5 6. Nc3 Bd6 7. e4 d4 8. Nb1 O-O 9. Nbd2 c5 10. a4 Bc7 11. Nh4 Re8 12. h3 a6 13. Nf5 Rb8 14. Nc4 Nf8 15. a5 Bxf5 16. exf5 e4 17. dxe4 Nxe4 18. Qd3 Nd6 19. Bd2 Nd7 20. Nxd6 Bxd6 21. f4 Qc7 22. b3 Nf6 23. g4 Rbc8 24. g5 Nh5 25. Qf3 g6 26. Rae1 Rxe1 27. Rxe1 Nxf4 28. Qxb7 Nxg2 29. Qxc7 Bxc7 30. Kxg2 gxf5 31. Kf3 Kg7 32. Re7 Bd6 33. Rd7 Bf8 34. Bf4 c4 35. Be5+ Kg6 36. Bxd4 cxb3 37. cxb3 Kxg5 38. Rxf7 Rb8 39. Be3+ Kg6 40. Ra7 Rxb3 41. Rxa6+ Kh5 42. Ke2 Rb2+ 43. Kd3 Rb3+ 44. Kd2 Bb4+ 45. Ke2 Rb2+ 46. Kf3 Rb3 47. Rh6# 1-0


[Site "https://www.chess.com"]

[Event "Titled Tuesday Blitz May 9 Early 2023"]
[White "Putri, Regita Desyari"]
[Black "Spitzl, Vinzent"]
[WhiteFideId "7109083"]
[BlackFideId "12901253"]
[WhiteElo "1930"]
[BlackElo "2225"]
[Result "0-1"]
[Round "01"]
[TimeControl "180+2"]
[Date "2023.05.09"]
[WhiteClock "0:00:00"]
[BlackClock "0:00:17"]

1. e4 c5 2. Nf3 d6 3. d4 cxd4 4. Nxd4 Nf6 5. Nc3 a6 6. h3 e5 7. Nde2 h5 8. g3 Be6 9. Bg2 Nbd7 10. O-O Be7 11. Be3 Rc8 12. f4 O-O 13. f5 Bc4 14. Rf2 b5 15. b3 b4 16. Nd5 Nxd5 17. exd5 Bxe2 18. Qxe2 Bg5 19. Re1 Bxe3 20. Qxe3 Qb6 21. Qe2 Rc3 22. Kh2 Rfc8 23. Rc1 Nf6 24. Rff1 Re3 25. Qd2 Rcc3 26. Qf2 Qc5 27. Rfe1 Rxe1 28. Qxe1 h4 29. g4 Nxd5 30. Qxh4 Nf6 31. g5 Nd7 32. f6 Qd4 33. Qe1 Qf4+ 34. Kg1 Qxg5 35. fxg7 Kxg7 0-1


[Site "https://www.chess.com"]

[Event "Titled Tuesday Blitz May 9 Early 2023"]
[White "Danielyan, Vahe"]
[Black "Floresvillar Gonzalez, Luis Migu"]
[WhiteFideId "13304828"]
[BlackFideId "5100542"]
[WhiteElo "2423"]
[BlackElo "2040"]
[Result "1-0"]
[Round "01"]
[TimeControl "180+2"]
[Date "2023.05.09"]
[WhiteClock "0:01:17"]
[BlackClock "0:00:07"]

1. d4 d5 2. c4 c6 3. Nc3 Nf6 4. Nf3 dxc4 5. a4 Bf5 6. Ne5 e6 7. e3 Nbd7 8. Nxc4 Bb4 9. Be2 O-O 10. O-O a5 11. Bf3 Qc7 12. e4 Bxc3 13. exf5 Bb4 14. fxe6 fxe6 15. Qe2 Rae8 16. Bd2 e5 17. Bxb4 exd4 18. Bd6 Qd8 19. Qd2 Rf7 20. Qxa5 Ne5 21. Qxd8 Nxf3+ 22. gxf3 Rxd8 23. Bg3 b5 24. Ne5 Rb7 25. Nxc6 Rc8 26. axb5 Kf7 27. Rfc1 d3 28. Ne5+ Ke6 29. Rxc8 1-0


[Site "https://www.chess.com"]

[Event "Titled Tuesday Blitz May 9 Early 2023"]
[White "Kiseljova, Marya"]
[Black "Garv Gaur"]
[WhiteFideId "4155009"]
[BlackFideId "45030839"]
[WhiteElo "1831"]
[BlackElo "2068"]
[Result "0-1"]
[Round "01"]
[TimeControl "180+2"]
[Date "2023.05.09"]
[WhiteClock "0:00:01"]
[BlackClock "0:00:08"]

1. d4 Nf6 2. c4 e6 3. Bf4 b6 4. a3 Bb7 5. e3 c5 6. Nc3 cxd4 7. exd4 d5 8. Nf3 Be7 9. Be2 O-O 10. O-O Nc6 11. Re1 Rc8 12. h3 dxc4 13. Bxc4 Nxd4 14. Nxd4 Rxc4 15. Be3 Nd5 16. Qd3 Nxe3 17. fxe3 Rc8 18. Rad1 Bf6 19. Qe2 Qe7 20. Ndb5 Ba6 21. Qg4 Bxb5 22. Nxb5 Bxb2 23. Re2 Bf6 24. Rf1 Kh8 25. a4 Rfd8 26. Ref2 a6 27. Nd4 Bxd4 28. Rxf7 Bxe3+ 29. Kh1 Qg5 30. Qxe6 h6 31. R7f5 Qh4 32. Qxe3 Qxa4 33. Qxb6 Ra8 34. Rf7 a5 35. Qg6 Qd4 36. R1f4 Qa1+ 37. Kh2 a4 38. Rh4 Qe5+ 39. Rhf4 a3 40. Rf5 Qb2 41. Rh4 Qb8+ 42. Rff4 Qd6 43. Qg4 a2 44. Rxh6+ Qxh6 45. Rf5 a1=Q 46. Rh5 Qc1 47. Rxh6+ Qxh6 0-1


[Site "https://www.chess.com"]

[Event "Titled Tuesday Blitz May 9 Early 2023"]
[White "Manukyan, Sargis V."]
[Black "Acikel, Mert"]
[WhiteFideId "13303465"]
[BlackFideId "12956465"]
[WhiteElo "2236"]
[BlackElo "2097"]
[Result "1-0"]
[Round "01"]
[TimeControl "180+2"]
[Date "2023.05.09"]
[WhiteClock "0:00:09"]
[BlackClock "0:00:10"]

1. d4 d5 2. c4 e6 3. Nc3 Nf6 4. cxd5 exd5 5. Bg5 c6 6. e3 h6 7. Bh4 Be7 8. Bd3 O-O 9. Nge2 Re8 10. Qc2 a5 11. O-O Na6 12. a3 Nc7 13. f3 c5 14. Rae1 c4 15. Bf5 b5 16. Bxc8 Qxc8 17. e4 dxe4 18. fxe4 b4 19. Na4 Qa6 20. Ng3 Qb5 21. Bxf6 Bxf6 22. e5 Be7 23. Qf2 f6 24. exf6 Bxf6 25. Nc5 Nd5 26. Nh5 bxa3 27. Nxf6+ Nxf6 28. bxa3 Rad8 29. h3 c3 30. Rc1 Qc4 31. Qg3 Qxd4+ 32. Kh1 Nh5 33. Qc7 Rd7 34. Nxd7 1-0


[Site "https://www.chess.com"]

[Event "Titled Tuesday Blitz May 9 Early 2023"]
[White "Smith, Shreyas"]
[Black "Goffredo_Fofi"]
[WhiteFideId "7400713"]
[WhiteElo "2151"]
[BlackElo "2550"]
[Result "1-0"]
[Round "01"]
[TimeControl "180+2"]
[Date "2023.05.09"]
[WhiteClock "0:00:55"]
[BlackClock "0:00:10"]

1. e4 g6 2. d4 Bg7 3. Nc3 d6 4. Be3 a6 5. h4 h5 6. Qd2 b5 7. a3 Bb7 8. O-O-O Nd7 9. f3 Rc8 10. d5 c5 11. dxc6 Rxc6 12. Bd4 Ngf6 13. Nh3 Nb6 14. Ng5 Nc4 15. Bxc4 Rxc4 16. Nd5 Bxd5 17. exd5 O-O 18. g4 Rxd4 19. Qxd4 Nxg4 20. Qa7 Ne5 21. b3 Qc8 22. Qe3 Qc7 23. Kb1 Rc8 24. Rd2 Qa5 25. Ka2 Rc3 26. Qf4 f5 27. Qb4 Qc7 28. Ne6 Rxc2+ 29. Kb1 Rxd2 30. Nxc7 Nd3 31. Qxd2 1-0


[Site "https://www.chess.com"]

[Event "Titled Tuesday Blitz May 9 Early 2023"]
[White "Thorhallsson, Simon"]
[Black "Yonal, Timur"]
[WhiteFideId "2310090"]
[BlackFideId "44115725"]
[WhiteElo "2108"]
[BlackElo "1966"]
[Result "0-1"]
[Round "01"]
[TimeControl "180+2"]
[Date "2023.05.09"]
[WhiteClock "0:00:08"]
[BlackClock "0:00:23"]

1. e4 c5 2. Nc3 d6 3. d4 cxd4 4. Qxd4 Nf6 5. b3 Nc6 6. Qd2 g6 7. Bb2 Bg7 8. O-O-O O-O 9. Kb1 a6 10. f3 b5 11. h4 h5 12. g4 hxg4 13. h5 Nxh5 14. Rxh5 gxh5 15. Qg5 Ne5 16. f4 Ng6 17. Qxh5 e5 18. f5 Qh4 19. Qxh4 Nxh4 20. Rxd6 Bb7 21. Bd3 Rad8 22. Rxd8 Rxd8 23. Nge2 b4 24. Nd1 Ng2 25. Nf2 Nf4 26. Nxf4 exf4 27. Nxg4 Bxb2 28. Kxb2 f3 29. Kc1 Kg7 30. Nf2 Kf6 31. Kd2 Rg8 32. Ke3 Ke5 33. Kxf3 f6 34. Ng4+ Rxg4 35. Kxg4 Bxe4 36. Bxa6 Bxf5+ 37. Kf3 Bxc2 38. Bc4 Bb1 39. Ke3 Bxa2 40. Kf3 Bb1 41. Ke3 f5 42. Bf7 f4+ 43. Kd2 Kd4 44. Bc4 Be4 45. Ke2 Bd5 46. Ba6 Bxb3 47. Kf3 Bc4 48. Bb7 Bd5+ 49. Bxd5 Kxd5 50. Kxf4 b3 51. Ke3 b2 52. Kd2 b1=Q 0-1


[Site "https://www.chess.com"]

[Event "Titled Tuesday Blitz May 9 Early 2023"]
[White "Dahlgren, James Allen"]
[Black "Erzhanov, Arman"]
[WhiteFideId "22256873"]
[BlackFideId "4138821"]
[WhiteElo "2189"]
[BlackElo "2138"]
[Result "0-1"]
[Round "01"]
[TimeControl "180+2"]
[Date "2023.05.09"]
[WhiteClock "0:01:21"]
[BlackClock "0:01:59"]

1. d3 d6 2. g3 e5 3. Bg2 g6 4. Nd2 Bg7 5. Ngf3 Nc6 6. O-O Nge7 7. e4 O-O 8. Re1 h6 9. h4 Bg4 10. Nf1 Nd4 11. N1h2 Nxf3+ 12. Nxf3 f5 13. c3 c6 14. d4 fxe4 15. Rxe4 Bf5 16. Re1 e4 17. Nh2 d5 18. g4 Bd7 19. g5 h5 20. f4 Nf5 21. Be3 Nxh4 22. c4 Qb6 23. Qb3 Be6 24. c5 Qc7 25. Kf2 Rae8 26. Rg1 Rxf4+ 27. Bxf4 Qxf4+ 0-1


[Site "https://www.chess.com"]

[Event "Titled Tuesday Blitz May 9 Early 2023"]
[White "Leenhouts, Koen"]
[Black "petr577"]
[WhiteFideId "1008439"]
[WhiteElo "2409"]
[BlackElo "2188"]
[Result "0-1"]
[Round "01"]
[TimeControl "180+2"]
[Date "2023.05.09"]
[WhiteClock "0:00:00"]
[BlackClock "0:00:15"]

1. e4 e5 2. Nf3 Nc6 3. Bb5 f5 4. d3 Nf6 5. Nc3 Bc5 6. Bg5 d6 7. Bc4 Na5 8. Qe2 Nxc4 9. dxc4 c6 10. O-O-O Qa5 11. exf5 Bxf5 12. Nxe5 dxe5 13. Qxe5+ Kf7 14. Rd6 Rhe8 15. Rxf6+ gxf6 16. Qxf6+ Kg8 17. Bd2 Bf8 18. Qg5+ Bg7 19. Nd5 Qxa2 20. Bc3 Bg6 21. Nf6+ Bxf6 22. Qxf6 Qa1+ 23. Kd2 Rad8+ 24. Bd4 Rxd4+ 25. Qxd4 Qxh1 26. Kc3 Qe1+ 27. Kb3 Qe2 28. c3 b5 29. cxb5 cxb5 30. Qd7 Qc2+ 31. Kb4 Qa4+ 32. Kc5 Qc4+ 0-1


[Site "https://www.chess.com"]

[Event "Titled Tuesday Blitz May 9 Early 2023"]
[White "Tarnowska, Aleksandra"]
[Black "Hindermann, Felix"]
[WhiteFideId "1180967"]
[BlackFideId "1305212"]
[WhiteElo "1776"]
[BlackElo "2206"]
[Result "0-1"]
[Round "01"]
[TimeControl "180+2"]
[Date "2023.05.09"]
[WhiteClock "0:00:00"]
[BlackClock "0:02:22"]

1. e4 e6 2. d4 d5 3. Nd2 Nc6 4. c3 e5 5. exd5 Qxd5 6. Ngf3 exd4 7. Bc4 Qh5 8. cxd4 Bg4 9. d5 Bxf3 10. Nxf3 Bb4+ 11. Bd2 Bxd2+ 12. Qxd2 O-O-O 13. O-O Nf6 14. Rfd1 Rhe8 15. Rac1 Kb8 16. Qc2 Ne5 17. Nxe5 Qxe5 18. Bb5 Re7 19. Qb3 Rxd5 20. Rxd5 Qxd5 21. Bc6 Qxb3 22. axb3 bxc6 23. h3 Kb7 24. Ra1 Nd5 25. Rd1 Re2 0-1


[Site "https://www.chess.com"]